 Dungeon Crawl Stone Soup version 0.26-a0-1181-gd376ed14c5 (webtiles) character file.

Game seed: 14664360701096131668

275 sanka the Covert (level 6, -8/28 HPs)
             Began as a Spriggan Enchanter on Dec 26, 2020.
             Shot with an arrow by a centaur (9 damage)
             ... on level 4 of the Dungeon.
             The game lasted 00:04:11 (3393 turns).

sanka the Covert (Spriggan Enchanter)               Turns: 3393, Time: 00:04:12

Health: -8/28      AC:  2    Str:  4    XL:     6   Next: 3%
Magic:  9/11       EV: 18    Int: 17    God:
Gold:   93         SH:  0    Dex: 18    Spells: 4/10 levels left

rFire    . . .     SeeInvis +   a - +1 dagger
rCold    . . .     Faith    .   (shield restricted)
rNeg     . . .     Spirit   .   b - +0 robe
rPois    .         Reflect  .   (helmet restricted)
rElec    .         Harm     .   (no cloak)
rCorr    .         Rampage  .   (gloves unavailable)
Will     +....                  (boots unavailable)
Stlth    ++++......             (no amulet)
HPRegen  0.09/turn              (no ring)
MPRegen  0.12/turn              (no ring)

@: very quick
A: very small, unfitting armour, see invisible, speed 3
a: no special abilities


You were on level 4 of the Dungeon.
You visited 1 branch of the dungeon, and saw 4 of its levels.

You collected 93 gold pieces.


Innate Abilities, Weirdness & Mutations

You are very small and have problems with some larger weapons.
You are too small for most types of armour.
You have supernaturally acute eyesight. (SInv)
You cover ground extremely quickly.


   Skills:
 + Level 4.8 Short Blades
 - Level 3.0 Dodging
 - Level 8.0 Stealth
 - Level 2.6 Spellcasting
 - Level 3.6 Hexes


You had 4 spell levels left.
You knew the following spells:

 Your Spells              Type           Power        Failure   Level
z - Ensorcelled Hibernat  Hex/Ice        16%          13%         2
X - Confusing Touch       Hex            14%          12%         3
Z - Corona                Hex            15%          4%          1

Your spell library contained the following spells:

 Spells                   Type           Power        Failure   Level
 Tukima's Dance           Hex            14%          12%         3
 Dazzling Flash           Conj/Hex       16%          26%         3

Inventory:

Hand Weapons
 a - a +1 dagger (weapon)
 m - a +1 dagger of distortion
Armour
 b - a +0 robe (worn)
 l - a +0 buckler
Wands
 k - a wand of flame (23)
Scrolls
 c - 2 scrolls of remove curse
 f - 3 scrolls of identify {unknown}
 g - a scroll of fog {unknown}
 h - 2 scrolls of enchant weapon {unknown}
 j - a scroll of amnesia {unknown}
Potions
 d - 2 potions of attraction {unknown}
 e - 2 potions of curing {unknown}
 i - a potion of brilliance {unknown}

Dungeon Overview and Level Annotations

Branches:
Dungeon (4/15)
 Temple: D:4-7

Altars:
Cheibriados
Makhleb

▒▒▒▒▒▒▒▒▒
▒▒▒▒▒▒.......▒
▒............▒
▒.▒▒▒▒.......▒▒▒▒
▒.▒ ▒.i.........▒
▒.▒ ▒.......>▒▒.▒
▒.▒
▒........▒▒.▒▒▒▒▒▒
▒.▒
▒.....l.c▒▒.....!▒
▒.▒
▒.▒▒▒.▒▒▒hh........
▒.▒ ▒.▒ ▒.▒
▒?▒▒▒▒▒▒.▒▒ ▒.▒ ▒.▒
▒.▒ ▒.▒ ▒.▒▒▒.▒ ▒£▒
▒.▒ ▒.▒▒..▒▒▒.▒ ▒.▒


You could see a centaur, a howler monkey and an iguana.


Message History

You see here an arrow.
A howler monkey comes into view.
You hit the iguana.
The iguana is lightly wounded.
The howler monkey hoots and howls with incredible vigour!
The iguana barely misses you.
You barely miss the iguana.
The iguana is lightly wounded.
The iguana barely misses you.
Aiming: Ensorcelled Hibernation (safe; 13% risk of failure)
Aim: an iguana (lightly wounded, chance to affect: 49%)
The iguana resists with some effort.
The centaur unwields a +0 shortbow.
The centaur hits you.
* * * LOW HITPOINT WARNING * * *
The iguana bites you.
* * * LOW HITPOINT WARNING * * *
The centaur closely misses you.
The centaur wields a +0 shortbow.
The centaur shoots an arrow.
The arrow hits you!
* * * LOW HITPOINT WARNING * * *
You see here 2 arrows.
Found 6 gold pieces.
There is a stone staircase leading up here.
Unknown command.
Unknown command.
The centaur shoots an arrow.
The arrow hits you!
You die...

Action                   |  1- 3 |  4- 6 || total
-------------------------+-------+-------++-------
Melee: Dagger            |    51 |    67 ||   118
 Cast: Corona            |     4 |       ||     4
       Ensorcelled Hiber |    10 |    35 ||    45
  Use: Scroll            |     1 |       ||     1
 Stab: Sleeping          |    24 |    19 ||    43
       Distracted        |       |     1 ||     1
Armor: Robe              |     1 |     7 ||     8
Dodge: Dodged            |    27 |    53 ||    80

Levels and vault maps discovered:
D:1:      scummos_arrival_simple_crosswalls, layout_loops_cross, grunt_decor_cap
D:2:      layout_basic, uniq_sigmund
D:3:      layout_rooms, nicolae_overflow_crystal_walls, kennysheep_slug_shrine,
          hex_large, uniq_terence
D:4:      layout_loops_ring, minmay_temple_entry_glass, corner_web_ring,
          uniq_crazy_yiuf_cottage

Notes
Turn   | Place    | Note
-------+----------+-------------------------------------------
     0 | D:1      | sanka the Spriggan Enchanter began the quest for the Orb.
     0 | D:1      | Reached XP level 1. HP: 9/9 MP: 5/5
   174 | D:1      | Reached skill level 5 in Stealth
   251 | D:1      | Reached XP level 2. HP: 13/13 MP: 6/6
   281 | D:1      | Learned a level 2 spell: Ensorcelled Hibernation
   359 | D:1      | Reached skill level 6 in Stealth
   675 | D:1      | Reached XP level 3. HP: 16/16 MP: 8/8
  1511 | D:2      | Reached skill level 7 in Stealth
  1557 | D:2      | Noticed Sigmund
  1564 | D:2      | Killed Sigmund
  1565 | D:2      | Reached skill level 8 in Stealth
  1565 | D:2      | Reached skill level 3 in Short Blades
  1565 | D:2      | Reached XP level 4. HP: 9/21 MP: 6/9
  1565 | D:2      | Reached XP level 5. HP: 10/24 MP: 6/10
  1936 | D:3      | Reached skill level 4 in Short Blades
  2007 | D:3      | Found a burning altar of Makhleb.
  2179 | D:3      | Learned a level 3 spell: Confusing Touch
  2272 | D:3      | Noticed Terence
  2557 | D:3      | Killed Terence
  3038 | D:3      | Reached XP level 6. HP: 28/28 MP: 8/11
  3234 | D:3      | Found a snail-covered altar of Cheibriados.
  3384 | D:4      | HP: 1/28 [centaur/arrow (7)]
  3393 | D:4      | Shot with an arrow by a centaur

Vanquished Creatures
  Sigmund (D:2)
  Terence (D:3)
  2 adders
  2 oozes
  2 worms
  2 dart slugs
  2 leopard geckos (D:1)
  An orc (D:3)
  A ball python (D:4)
  3 bats
  A giant cockroach (D:1)
  7 goblins
  10 hobgoblins
  9 jackals (D:3)
  2 quokkas
  2 frilled lizards
  4 kobolds
  4 rats
56 creatures vanquished.
